 Dungeon Crawl Stone Soup version 0.22-a0-430-g6609fc6 (webtiles) character file.

11 TheOvate the Sneak (level 2, 0/13 HPs)
             Began as a Spriggan Enchanter on May 26, 2018.
             Slain by a hobgoblin
             ... wielding a +0 club
              (1 damage)
             ... on level 1 of the Dungeon.
             The game lasted 00:02:03 (548 turns).

TheOvate the Sneak (Spriggan Enchanter)              Turns: 548, Time: 00:02:05

Health: 0/13       AC:  3    Str:  4    XL:     2   Next: 13%
Magic:  5/6        EV: 18    Int: 16    God:
Gold:   17         SH:  0    Dex: 16    Spells: 5/6 levels left

rFire    . . .     SeeInvis +   a - +1 dagger
rCold    . . .     Gourm    .   (shield restricted)
rNeg     . . .     Faith    .   b - +0 robe
rPois    .         Spirit   .   (helmet restricted)
rElec    .         Reflect  .   g - +0 cloak
rCorr    .         Harm     .   (gloves unavailable)
MR       .....                  (boots unavailable)
Stlth    +++.......             (no amulet)
HPRegen  0.04/turn              (no ring)
MPRegen  0.10/turn              (no ring)

@: hasted, very quick
A: very small, unfitting armour, see invisible, herbivore, speed 3, slow
metabolism 2
a: no special abilities


You were on level 1 of the Dungeon.
You were not hungry.

You visited 1 branch of the dungeon, and saw 1 of its levels.

You collected 17 gold pieces.

Inventory:

Hand Weapons
 a - a +1 dagger (weapon)
 e - a +0 hunting sling
Missiles
 f - 21 bolts
Armour
 b - a +0 robe (worn)
 g - a +0 cloak (worn)
Jewellery
 h - an uncursed ring of poison resistance {unknown}
Potions
 i - a potion of cancellation {unknown}
 j - 2 potions of might {unknown}
Comestibles
 d - 3 rations


   Skills:
 * Level 1.3 Short Blades
 - Level 3.0 Dodging
 - Level 5.0 Stealth
 - Level 2.7 Spellcasting
 - Level 3.9 Hexes


You had 5 spell levels left.
You knew the following spells:

 Your Spells              Type           Power        Failure   Level  Hunger
a - Corona                Hex            ##.....      3%          1    #......

Your spell library contained the following spells:

 Spells                   Type           Power        Failure   Level  Hunger
 Confuse                  Hex            ##......     12%         3    ###....
 Tukima's Dance           Hex            ##......     12%         3    ###....
 Ensorcelled Hibernation  Hex/Ice        #.....       13%         2    ##.....
 Dazzling Spray           Conj/Hex       #.....       26%         3    ###....


Dungeon Overview and Level Annotations

Branches:
Dungeon (1/15)

Altars:


Innate Abilities, Weirdness & Mutations

You are very small and have problems with some larger weapons.
You are too small for most types of armour.
You have supernaturally acute eyesight. (SInv)
You are a herbivore.
You cover ground extremely quickly.
You need to consume almost no food.


Message History

The bat completely misses you.
You closely miss the bat. The bat misses you. The bat hits you.
You hit the bat.
The bat is severely wounded.
The bat closely misses you. The hobgoblin misses you.
The bat completely misses you.
You hit the bat but do no damage.
The bat is severely wounded.
The bat closely misses you. The hobgoblin hits you with a club.
You completely miss the bat.
The bat is severely wounded.
The bat misses you. The hobgoblin barely misses you.
You hit the hobgoblin.
The hobgoblin is heavily wounded.
The bat misses you. The hobgoblin hits you with a club.
* * * LOW HITPOINT WARNING * * *
A rat comes into view.
It was a potion of haste.
You feel yourself speed up. The bat barely misses you.
The hobgoblin hits you with a club.
You die...

..........####.......#
....##...............#
###.##.#######.......#
.......# #.#...###
###.#### #.#...# # #.#
#.##.## # #.#
#.##.##### #.#
#.#b#....# ..#@.###.##
#g####..# #bb.b...#
#.g##.##..# ....#. ##
...... # g...#. #.#..r
#.# ..


You could see 2 hobgoblins, 3 bats and a rat (wandering).

Vanquished Creatures
  2 dart slugs (D:1)
  A bat (D:1)
  A hobgoblin (D:1)
  A frilled lizard (D:1)
  A kobold (D:1)
  2 rats (D:1)
8 creatures vanquished.

Notes
Turn   | Place    | Note
-------+----------+-------------------------------------------
     0 | D:1      | TheOvate the Spriggan Enchanter began the quest for the Orb.
     0 | D:1      | Reached XP level 1. HP: 9/9 MP: 5/5
   340 | D:1      | Reached skill level 5 in Stealth
   340 | D:1      | Reached XP level 2. HP: 13/13 MP: 6/6
   548 | D:1      | Slain by a hobgoblin

Vault maps used:
D:1:      minmay_arrival_up_and_down, roderic_lattice_a, minmay_heptomino_d4

Skill      XL: |  1 |
---------------+----+-----
Stealth        | 5 |  5.0
Short Blades   | |  1.3
Dodging        | |  3.0
Spellcasting   | |  2.7
Hexes          | |  3.9

Action                   || total
-------------------------++-------
Melee: Dagger            ||    43
 Cast: Corona            ||     1
  Use: Potion            ||     1
 Stab: Sleeping          ||     4
Armor: Robe              ||     6
Dodge: Dodged            ||    31

Table legend:
 A = Spawn XP
 B = Non-spawn XP
 C = Spawn XP percentage of total XP
 D = Spawn monster count
 E = Non-spawn monster count
 F = Spawn count percentage of total count
 G = Total turns spent on level
                    A         B        C        D         E        F      G
               +---------+---------+-------+---------+---------+-------+---------
         Total |       0 |      16 |   0.0 |       0 |       8 |   0.0 |   548
               +---------+---------+-------+---------+---------+-------+---------
           D:1 |       0 |      16 |   0.0 |       0 |       8 |   0.0 |   548
               +---------+---------+-------+---------+---------+-------+---------
